 Dungeon Crawl Stone Soup version 0.30-a0-1008-g30c9307041 (webtiles) character file.

Game seed: 9308869283399285861

231 qeuew the Trooper (level 5, -2/42 HPs)
             Began as a Demonspawn Chaos Knight on Apr 5, 2023.
             Was a Plaything of Xom.
             Slain by a gnoll
             ... wielding a +0 flail
              (5 damage)
             ... on level 5 of the Dungeon.
             The game lasted 00:03:50 (2299 turns).

qeuew the Trooper (Demonspawn Chaos Knight)         Turns: 2299, Time: 00:03:51

Health: -2/42      AC:  5    Str: 15    XL:     5   Next: 72%
Magic:  5/5        EV: 12    Int: 13    God:    Xom [.*....]
Gold:   38         SH:  5    Dex: 12    Spells: 4/4 levels left

rFire   . . .      SeeInvis .    a - +0 mace (chaos)
rCold   . . .      Faith    .    (no shield)
rNeg    . . .      Spirit   .    b - +2 leather armour
rPois   .          Reflect  +    (no helmet)
rElec   .          Rampage  .    (no cloak)
rCorr   .                        (no gloves)
Will    .....                    (no boots)
Stlth   +                        f - amulet of reflection
HPRegen 0.27/turn                (no ring)
MPRegen 0.09/turn                (no ring)

@: no status effects
A: ignite blood 1
a: Renounce Religion


You were on level 5 of the Dungeon.
You worshipped Xom.
You were a plaything of Xom.
You visited 1 branch of the dungeon, and saw 5 of its levels.

You collected 38 gold pieces.

Inventory:

Hand Weapons
 a - a +0 mace of chaos (weapon)
Armour
 b - a +2 leather armour (worn)
Jewellery
 f - an amulet of reflection (around neck)
Wands
 i - a wand of mindburst (9) (quivered)
Scrolls
 h - a scroll of fog
Potions
 e - a potion of brilliance
Miscellaneous
 c - a piece from Xom's chessboard (15/15)


   Skills:
 + Level 4.0 Fighting
 + Level 3.7 Maces & Flails
 + Level 3.0 Armour
 + Level 2.5 Dodging
 + Level 1.1 Evocations


You had 4 spell levels left.
You didn't know any spells.
Your spell library contained the following spells:

 Spells                   Type           Power      Damage    Failure   Level
 Lesser Beckoning         Tloc           0%         N/A       50%         2
 Gell's Gravitas          Tloc           0%         N/A       75%         3
 Teleport Other           Tloc           0%         N/A       75%         3


Dungeon Overview and Level Annotations

Branches:
Dungeon (6/15)
 Temple: D:4-7

Altars:


Innate Abilities, Weirdness & Mutations

Your demonic aura sometimes causes spilled blood to erupt in flames.


Message History

Found a stone staircase leading up and two stone staircases leading down.
The gnoll hits you with a +0 club.
There is a stone staircase leading up, spattered with blood here.
You hit the gnoll but do no damage. The gnoll hits you with a +0 club!
You are too injured to fight recklessly!
You are too injured to fight recklessly!
You are too injured to fight recklessly!
You are too injured to fight recklessly!
You are too injured to fight recklessly!
You are too injured to fight recklessly!
You are too injured to fight recklessly!
You are too injured to fight recklessly!
You are too injured to fight recklessly!
You are too injured to fight recklessly!
You are too injured to fight recklessly!
Unknown command.
You hit the gnoll but do no damage. Your punch misses the gnoll.
You block the gnoll's attack. The gnoll hits you with a +0 flail!
The gnoll misses you.
You sock the gnoll!
You feel better.
The gnoll is heavily wounded.
The gnoll barely misses you. The gnoll hits you with a +0 flail.
The gnoll hits you with a +0 club!
* * * LOW HITPOINT WARNING * * *
You thump the gnoll!
You kill the gnoll!
The gnoll hits you with a +0 club.
* * * LOW HITPOINT WARNING * * *
The gnoll closely misses you.
You feel better. The gnoll hits you with a +0 flail.
* * * LOW HITPOINT WARNING * * *
The gnoll hits you but does no damage.
Unknown command.
Okay, then.
Aiming: Mindburst
Press: ? - help, Q - select action, (/) - cycle Shift-Dir - straight line, f - gnoll
Aim: a gnoll, wielding a +0 flail (chance to affect: 76%)
The gnoll's mind is blasted!
The gnoll closely misses you. The gnoll hits you with a +0 flail.
You die...

..... ....#
#...# #...#
#...# #...#
#...#######
.####...?......
........@g......
......".°g......
................
..##.......##...
. #.#..>... ..
#.#...#.## .
#.#...#.#
......#


You could see 2 gnolls.

Vanquished Creatures
  An orc priest (D:6)
  Natasha (thrice) (D:2)
  A gnoll (D:5)
  2 adders (D:2)
  4 dart slugs
  2 orcs (D:6)
  5 bats
  4 endoplasms
  3 giant cockroaches
  4 goblins
  9 hobgoblins
  4 jackals (D:1)
  6 kobolds
  2 quokkas (D:1)
  4 frilled lizards
  7 rats
  A spectral goblin (D:2)
62 creatures vanquished.

Vanquished Creatures (collateral kills)
  An orc wizard (D:6)
  An orc (D:6)
2 creatures vanquished.

Vanquished Creatures (others)
  A jackal zombie (D:1)
1 creature vanquished.

Grand Total: 65 creatures vanquished

Notes
Turn   | Place    | Note
-------+----------+-------------------------------------------
     0 | D:1      | qeuew the Demonspawn Chaos Knight began the quest for the
                  | Orb.
     0 | D:1      | Reached XP level 1. HP: 18/18 MP: 1/1
    36 | D:1      | Reached skill level 1 in Dodging
   173 | D:1      | Gained mutation: Your demonic aura sometimes causes spilled
                  | blood to erupt in flames. [demonic ancestry]
   173 | D:1      | Reached XP level 2. HP: 23/24 MP: 2/2
   212 | D:1      | XOM: silly message
   269 | D:1      | XOM: silly message
   373 | D:1      | Reached XP level 3. HP: 29/29 MP: 3/3
  1112 | D:2      | Noticed Natasha
  1123 | D:2      | Killed Natasha
  1124 | D:2      | Reached XP level 4. HP: 29/35 MP: 4/4
  1136 | D:2      | Noticed Natasha
  1146 | D:2      | Killed Natasha
  1294 | D:2      | Found a faded altar of an unknown god.
  1526 | D:2      | XOM: 2-stop teleportation journey
  1679 | D:2      | Noticed Natasha
  1687 | D:2      | Killed Natasha
  1688 | D:2      | Reached XP level 5. HP: 35/42 MP: 5/5
  2263 | D:3      | You fall into a shaft and drop 3 floors!
  2272 | D:6      | XOM: cast spell 'Call Canine Familiar'
  2280 | D:6      | Reached skill level 4 in Fighting
  2280 | D:6      | Reached skill level 1 in Evocations
  2291 | D:5      | Entered Level 5 of the Dungeon
  2299 | D:5      | Slain by a gnoll

Illustrated notes

Levels and vault maps discovered:
D:1:      lightli_arrival_chessboard, layout_basic, minmay_pentomino_r2
D:2:      layout_rooms, dreamdust_ecumenical_altar_drowned_temple,
          serial_co_window_serial, co_window_corner_a,
          co_window_of_opportunity_a, co_window_paths_b, co_window_paths_a,
          co_window_corner_a, co_window_unsneaky_path_c,
          co_window_unsneaky_path_d, co_window_broadway_a, co_window_cross_3,
          co_window_2corner, co_window_corner_cb, co_window_paths_d,
          glass_columns_a, glass_columns_c, glass_columns_b, glass_columns_c,
          glass_columns_c, uniq_natasha
D:3:      wander_river, layout_basic, serial_glass, glass_columns_c,
          glass_columns_b, chequers_arboretum
D:5:      layout_loops_cross, minmay_overflow_temple_hex,
          minmay_temple_entry_butterflies, serial_shops, shop,
          cheibrodos_sewer_entry_sluice, amcnicky_mini_corridor_feature,
          uniq_ijyb, uniq_sigmund
D:6:      layout_basic, mainiacjoe_overflow_six_doors_small, tgw_kikubaaqudgha,
          uniq_crazy_yiuf_cottage, uniq_menkaure, uniq_prince_ribbit1

Skill      XL: |  1  2  3  4  5 |
---------------+----------------+-----
Dodging        | 1 2 |  2.5
Armour         | 2 3 |  3.0
Maces & Flails | 3 |  3.7
Fighting       | 4 |  4.0
Evocations     | 1 |  1.1

Action                     |  1- 3 |  4- 6 || total
---------------------------+-------+-------++-------
  Melee: Mace              |   110 |    68 ||   178
         Punch             |     1 |     1 ||     2
  Evoke: Wand              |       |     1 ||     1
    Use: Scroll            |     2 |     3 ||     5
         Potion            |       |     1 ||     1
   Stab: Sleeping          |     1 |       ||     1
 Armour: Leather armour    |    38 |    10 ||    48
  Dodge: Dodged            |    69 |    42 ||   111
  Block: Other             |     3 |    11 ||    14

Table legend: (Time is in decaauts)
 A = Elapsed time spent in this place.
 B = Non-inter-level travel time spent in this place.
 C = Inter-level travel time spent in this place.
 D = Time resting spent in this place.
 E = Time spent auto-exploring this place.
 F = Levels seen in this place.
 G = Mean time per level.
                   A        B        C        D        E       F      G
               +--------+--------+--------+--------+--------+-----+--------+
         Total |   2355 |   2256 |     99 |      0 |   1848 |   5 |  471.0 |
       Dungeon |   2355 |   2256 |     99 |      0 |   1848 |   5 |  471.0 |
               +--------+--------+--------+--------+--------+-----+--------+

Top non-repeatable levels by time:
     D:1: 1137 daAuts
     D:2: 1095 daAuts
     D:3: 83 daAuts
     D:6: 30 daAuts
     D:5: 8 daAuts
